 Dungeon Crawl Stone Soup version 0.31-a0-1363-g282adc679d (webtiles) character file.

Game seed: 5685603615175518321

11779 farilari the Skirmisher (level 11, -13/50 HPs)
             Began as a Spriggan Hunter on Dec 23, 2023.
             Was a Priest of Hepliaklqana.
             Killed by an exploding larval weirdbat beast (63 damage)
             ... ignited by their inner flame
             ... in a Gauntlet.
             The game lasted 00:43:11 (13640 turns).

farilari the Skirmisher (Spriggan Hunter)          Turns: 13640, Time: 00:43:12

Health: -13/50     AC: 11    Str:  7    XL:     11   Next: 53%
Magic:  18/18      EV: 19    Int: 15    God:    Hepliaklqana [***...]
Gold:   1139       SH:  0    Dex: 19    Spells: 9/18 levels left

rFire   x . .        b - +0 orcbow
rCold   + . .        (shield currently unavailable)
rNeg    . . .        M - +0 swamp dragon scales
rPois   +            (helmet restricted)
rElec   .            c - +2 cloak {Stlth+}
rCorr   .            (gloves unavailable)
SInv    +            (boots unavailable)
Will    +....        (no amulet)
Stlth   +++          R - ring of wizardry
HPRegen 0.28/turn    y - ring of ice
MPRegen 0.16/turn

%: no teleportation, wizardry (x1)
@: very quick
A: reduced essence, very small, no large weapons, unfitting armour, see
invisible, speed 3
a: Renounce Religion, Recall Ancestor, Ancestor Identity, Transference


You were in a Gauntlet.
You worshipped Hepliaklqana.
Hepliaklqana was most pleased with you.
You visited 2 branches of the dungeon, and saw 12 of its levels.
You also visited: Bailey and Gauntlet.

You collected 1139 gold pieces.

Inventory:

Hand Weapons
 a - a +0 shortbow
 b - a +0 orcbow (weapon)
 e - a +0 sling
 O - the +7 broad axe of Floods {drain, rN+ Str+2 Dex+3}
   (You took it off a gnoll in a bailey)

   Str+2:     It affects your strength (+2).
   Dex+3:     It affects your dexterity (+3).
   rN+:       It protects you from negative energy.
Missiles
 u - a curare-tipped dart (quivered)
 J - 15 boomerangs
 L - 3 atropa-tipped darts
 V - 3 throwing nets
Armour
 c - a +2 cloak of stealth (worn)
 M - +0 swamp dragon scales (worn)
 N - a +0 robe of positive energy
 P - an orb of guile
 S - a +0 buckler
 Y - a +0 troll leather armour
Magical Staves
 G - a staff of cold
Jewellery
 y - a ring of ice (right hand)
 B - a ring of protection from fire
 E - a +4 ring of protection
 R - a ring of wizardry (left hand)
Talismans
 r - a storm talisman
 w - a maw talisman
 F - a serpent talisman
Wands
 q - a wand of iceblast (6)
 H - a wand of charming (16)
 I - a wand of polymorph (1)
 T - a wand of flame (7)
Scrolls
 d - 5 scrolls of teleportation
 f - a scroll of fog
 i - a scroll of silence
 j - 3 scrolls of fear
 l - a scroll of blinking
 n - a scroll of vulnerability
 o - a scroll of immolation
 s - 3 scrolls of summoning {unknown}
 v - a scroll of revelation
 A - 4 scrolls of noise
 C - a scroll of acquirement {unknown}
 Q - a scroll of butterflies
 W - a scroll of enchant weapon {unknown}
Potions
 g - a potion of mutation
 h - a potion of resistance {unknown}
 k - 3 potions of curing {unknown}
 m - 3 potions of degeneration {unknown}
 p - 3 potions of heal wounds {unknown}
 t - a potion of invisibility {unknown}
 x - 2 potions of haste {unknown}
 z - 4 potions of cancellation {unknown}
 D - a potion of berserk rage {unknown}
 K - 5 potions of enlightenment
 U - 2 potions of might {unknown}
 X - a potion of lignification {unknown}
Miscellaneous
 Z - a box of beasts (inert)


   Skills:
 + Level 5.4 Fighting
 * Level 10.0 Ranged Weapons
 * Level 3.2 Armour
 + Level 8.7 Dodging
 - Level 5.0 Stealth
 - Level 4.1 Spellcasting
 + Level 8.2 Hexes
 + Level 9.9 Translocations
 + Level 3.5 Invocations
 + Level 6.9 Evocations


You had 9 spell levels left.
You knew the following spells:

 Your Spells              Type           Power      Damage    Failure   Level
b - Blink                 Tloc           64%        N/A       1%          2
c - Sigil of Binding      Hex            27%        N/A       2%          3
d - Dimensional Bullseye  Hex/Tloc       15%        N/A       6%          4

Your spell library contained the following spells:

 Spells                   Type           Power      Damage    Failure   Level
 Tukima's Dance           Hex            27%        N/A       2%          3
 Passage of Golubria      Tloc           32%        N/A       4%          4
 Dazzling Flash           Conj/Hex       30%        N/A       13%         3
 Magic Dart               Conj           12%        1d3       22%         1
 Call Imp                 Summ           6%         N/A       32%         2
 Call Canine Familiar     Summ           3%         N/A       52%         3
 Frozen Ramparts          Ice            8%         1d2       52%         3
 Mephitic Cloud           Conj/Alch/Air  3%         N/A       52%         3
 Metabolic Englaciation   Hex/Ice        11%        N/A       71%         5
 Silence                  Hex/Air        7%         N/A       71%         5
 Yara's Violent Unravell  Hex/Alch       7%         3d5       71%         5
 Leda's Liquefaction      Alch/Erth      1%         N/A       89%         4
 Petrify                  Alch/Erth      3%         N/A       89%         4
 Agony                    Necr           3%         N/A       99%         5


Dungeon Overview and Level Annotations

Branches:
Dungeon (11/15)            Temple (1/1) D:7            Lair (0/5) D:11
    Orc (0/2) D:11         Bailey (visited)         Gauntlet (1/1)

Altars:
Ashenzari
Cheibriados
Dithmenos
Elyvilon
Fedhas
Gozag
Hepliaklqana
Kikubaaqudgha
Makhleb
Nemelex Xobeh
Okawaru
Qazlal
Ru
Sif Muna
Trog
Uskayaw
Vehumet
Wu Jian
Xom
Yredelemnul
Zin
The Shining One

Portals:
Trove: D:10 (show abyssal rune of Zot)

Annotations:
D:6 exclusion: door Gauntlet 5 runed translucent doors, 8 transporters


Innate Abilities, Weirdness & Mutations

Your life essence is reduced to manifest your ancestor. (-10% HP)
You are very small and have problems with some larger weapons.
You are too small for most types of armour.
You have supernaturally acute eyesight. (SInv)
You cover ground extremely quickly. (Speed+++)


Message History

The hell hound stops to sniff the ground.
You swap places.
The death yak snorts and paws the ground.
There is a transporter here.
You enter the transporter and appear at another place.
z - 4 purple potions (gained 1)
You see here a +1 hat.
You can't carry that many items.
There is a transporter here.
You enter the transporter and appear at another place.
Amyrtae is recalled.
Unknown command.
Okay, then.
Okay, then.
Okay, then.
Okay, then.
Okay, then.
You swap places.
You open the door.
A minotaur comes into view.
It is wielding a +2 heavy falchion and wearing the ring "Nief" {Fly rN+ MP+9 Dex-5}.
Found a thin glowing staff.
Found a gate leading back out of this place.
Unknown command.
Okay, then.
You open the lid... ...and a larval weirdbat beast flies out!
The box is emptied!
The minotaur throws a javelin.
The javelin misses you.
Unknown command.
As you read the scroll of immolation, it crumbles to dust.
The creatures around you are filled with an inner flame!
Unknown command.
You swap places.
The minotaur hits your larval weirdbat beast with a +2 heavy falchion!
Flame seeps out of your larval weirdbat beast.
The minotaur gores your larval weirdbat beast!
Your larval weirdbat beast's corpse disappears in a puff of smoke!
Your larval weirdbat beast explodes!
The fiery explosion engulfs you!!! The fire burns you terribly!
Ouch! That really hurt!
You die...

...#.!#..≈#####.##..
#######.§###....##.#
.........##..##....##.
#######..#...##.##...
......#..#......##.#
.#.#..#.8#.©.##....#
Y#.#.[#..#...##.##.######
Y#©#.§#.∩#.©....##R'...∩#
Y#.#..#..#...##.@○H#
Y#.#.)#.8#.©.##.##§...#
p.....#..#......##.##....#
#######..#...##....# ##..
.........##..##.##..
#######..###....##.#
bhh..!#..≈#####....#
##.##.#..## ######
b.#..##..≈#


You could see the friendly Amyrtae the knight (inner flame) and a minotaur
(inner flame).

Vanquished Creatures
  A two-headed ogre (D:7)
  Pikel (D:5)
  A cyclops (D:11)
  Maurice (D:10)
  Maggie (D:8)
  A gargoyle (D:10)
  Jeremiah (D:9)
  2 trolls (D:10)
  An ice devil (Gauntlet)
  14 yaks
  2 water moccasins (D:7)
  Duvessa (D:5)
  A black bear (D:4)
  11 orc warriors
  An ice beast (D:5)
  3 centaurs
  2 ogres
  A lemure (D:5)
  2 phantoms
  A kobold brigand (D:6)
  2 bullfrogs
  3 scorpions
  A gnoll sergeant (D:5)
  Dowan (D:5)
  5 killer bees
  A howler monkey (D:4)
  2 hounds
  A gnoll bouda (D:4)
  6 orc priests
  A jelly (D:5)
  3 iguanas
  9 orc wizards
  17 gnolls
  9 adders
  A shadow imp (D:5)
  A bombardier beetle (D:6)
  4 white imps
  2 ufetubi (D:6)
  A worm (D:3)
  2 dart slugs
  25 orcs
  5 ball pythons
  4 endoplasms
  4 giant cockroaches
  3 goblins
  5 hobgoblins
  4 jackals
  A quokka (D:3)
  A bat (D:1)
  3 frilled lizards
  16 kobolds
  6 rats
198 creatures vanquished.

Vanquished Creatures (collateral kills)
  A two-headed ogre (D:9)
  A hornet (D:9)
  A wyvern (D:11)
  11 yaks
  An acid dragon (D:8)
  A kobold brigand (D:8)
  3 killer bees
  A gnoll bouda (D:10)
  An orc wizard (D:10)
  A gnoll (D:10)
  3 orcs
  A hobgoblin (Bailey)
  6 kobolds
32 creatures vanquished.

Vanquished Creatures (others)
  4 knights
  An orc wizard (D:8)
  5 ancestors
10 creatures vanquished.

Grand Total: 240 creatures vanquished

Notes
Turn   | Place    | Note
-------+----------+-------------------------------------------
     0 | D:1      | farilari the Spriggan Hunter began the quest for the Orb.
     0 | D:1      | Reached XP level 1. HP: 10/10 MP: 2/2
   141 | D:1      | Reached XP level 2. HP: 15/15 MP: 3/3
   447 | D:2      | Noticed an ogre
   492 | D:2      | Killed an ogre
   493 | D:2      | Reached XP level 3. HP: 18/18 MP: 4/4
   493 | D:2      | Reached XP level 4. HP: 23/23 MP: 5/5
   668 | D:2      | Reached skill level 5 in Ranged Weapons
   854 | D:2      | Found a broken altar of Ashenzari.
  1271 | D:3      | Found a broken altar of Ashenzari.
  1576 | D:4      | Reached XP level 5. HP: 23/27 MP: 6/6
  1680 | D:4      | Noticed a black bear
  1794 | D:4      | Killed a black bear
  1795 | D:4      | Reached XP level 6. HP: 13/32 MP: 7/7
  2814 | D:3      | Reached skill level 6 in Ranged Weapons
  2951 | D:4      | Reached skill level 5 in Stealth
  2980 | D:4      | Reached skill level 5 in Dodging
  3185 | D:4      | Reached XP level 7. HP: 36/36 MP: 8/8
  3188 | D:4      | Learned a level 2 spell: Blink
  3193 | D:4      | Learned a level 4 spell: Dimensional Bullseye
  3296 | D:5      | Entered Level 5 of the Dungeon
  3450 | D:5      | Reached skill level 1 in Translocations
  3536 | D:5      | Reached skill level 1 in Hexes
  3675 | D:4      | Reached skill level 1 in Evocations
  3895 | D:5      | Reached skill level 1 in Spellcasting
  4139 | D:5      | Found a sparkling altar of Nemelex Xobeh.
  4486 | D:5      | Noticed Dowan
  4849 | D:5      | Reached XP level 8. HP: 34/40 MP: 11/11
  5604 | D:6      | Learned a level 3 spell: Sigil of Binding
  5624 | D:6      | Reached skill level 7 in Ranged Weapons
  6054 | D:6      | Noticed Pikel
  6098 | D:5      | Killed Pikel
  6099 | D:5      | Reached skill level 5 in Translocations
  6446 | D:5      | Noticed Duvessa
  6453 | D:5      | Killed Dowan
  6550 | D:5      | Killed Duvessa
  6641 | D:7      | Reached XP level 9. HP: 45/45 MP: 14/14
  7031 | D:7      | Found a staircase to the Ecumenical Temple.
  7040 | Temple   | Entered the Ecumenical Temple
  7055 | Temple   | Became a worshipper of Hepliaklqana the Forgotten
  7253 | D:7      | Reached skill level 5 in Hexes
  8562 | D:8      | Noticed a two-headed ogre
  8582 | D:7      | Killed a two-headed ogre
  8583 | D:7      | Reached skill level 8 in Ranged Weapons
  8892 | D:8      | Found a snail-covered altar of Cheibriados.
  9021 | D:8      | Reached * piety under Hepliaklqana
  9098 | D:8      | Found a flagged portal.
  9110 | Bailey   | Entered a bailey
  9454 | Bailey   | Identified the +7 broad axe of Floods {drain, rN+ Str+2
                  | Dex+3}
  9482 | Bailey   | Reached XP level 10. HP: 37/45 MP: 17/17
  9520 | Bailey   | Reached skill level 5 in Evocations
  9783 | D:8      | Reached skill level 1 in Invocations
 10066 | D:8      | Found a sacrificial altar of Ru.
 10443 | D:8      | Noticed Maggie
 10457 | D:8      | Killed Maggie
 10869 | D:9      | Reached ** piety under Hepliaklqana
 10870 | D:9      | Remembered your ancestor Amyrtae as a knight
 10893 | D:9      | Found a hide-covered altar of Uskayaw.
 10898 | D:9      | Found an opulent altar of Gozag.
 10901 | D:9      | Found a blossoming altar of Fedhas.
 10904 | D:9      | Found a shadowy altar of Dithmenos.
 10927 | D:9      | Noticed a two-headed ogre
 10941 | D:9      | Killed a two-headed ogre
 10942 | D:9      | Reached skill level 9 in Ranged Weapons
 10942 | D:9      | Reached skill level 1 in Armour
 10943 | D:9      | Noticed Jeremiah
 10948 | D:9      | Killed Jeremiah
 11348 | D:9      | Reached skill level 5 in Fighting
 11573 | D:9      | Reached XP level 11. HP: 49/49 MP: 16/18
 12110 | D:10     | Entered Level 10 of the Dungeon
 12145 | D:10     | Found an iron altar of Okawaru.
 12267 | D:10     | Found a portal to a secret trove of treasure.
 12787 | D:10     | Noticed Maurice
 12807 | D:10     | Maurice stole a maw talisman
 12811 | D:10     | Killed Maurice
 12866 | D:10     | Found an ornate altar of the Wu Jian Council.
 13199 | D:11     | Found a gate leading to a gauntlet.
 13209 | Gauntlet | Entered a Gauntlet
 13209 | Gauntlet | Found a runed translucent door.
 13209 | Gauntlet | Found a transporter.
 13209 | Gauntlet | Found a runed translucent door.
 13209 | Gauntlet | Reached *** piety under Hepliaklqana
 13209 | Gauntlet | Found a transporter.
 13211 | Gauntlet | Found a transporter.
 13211 | Gauntlet | Found a transporter.
 13214 | Gauntlet | Found a transporter.
 13233 | Gauntlet | Found a transporter.
 13240 | Gauntlet | Found a transporter.
 13279 | Gauntlet | Found a transporter.
 13279 | Gauntlet | Found a transporter.
 13279 | Gauntlet | Noticed a reaper
 13281 | Gauntlet | Found a transporter.
 13281 | Gauntlet | Noticed a death yak
 13282 | Gauntlet | Noticed a death yak
 13282 | Gauntlet | Noticed a death yak
 13283 | Gauntlet | Noticed a death yak
 13283 | Gauntlet | Noticed a death yak
 13284 | Gauntlet | Noticed a necromancer
 13290 | Gauntlet | Noticed a wretched star
 13291 | Gauntlet | Found a runed translucent gate.
 13291 | Gauntlet | Found a runed translucent gate.
 13291 | Gauntlet | Found a runed translucent gate.
 13294 | Gauntlet | Found a transporter.
 13310 | Gauntlet | Found a transporter.
 13313 | Gauntlet | Noticed a death yak
 13334 | Gauntlet | Found a transporter.
 13334 | Gauntlet | Noticed a hell hog
 13338 | Gauntlet | Found a transporter.
 13492 | Gauntlet | Reached skill level 10 in Ranged Weapons
 13636 | Gauntlet | Identified the ring "Nief" {Fly rN+ MP+9 Dex-5}
 13636 | Gauntlet | Noticed a minotaur
 13640 | Gauntlet | Killed by an exploding larval weirdbat beast... ignited by
                  | their inner flame

Illustrated notes

Levels and vault maps discovered:
D:1:      sevenhm_arrival_forest_fort_small_3, layout_basic
D:2:      layout_loops_ring, basic_altar, kennysheep_generic_room_9
D:3:      layout_loops_ring, cheibrodos_ashenzari_chains
D:4:      layout_loops_cross
D:5:      layout_gridville, nemelex_diamond_rough_becter, uniq_duvessa
D:6:      layout_basic, water_boxes_lemuel, uniq_pikel
D:7:      layout_basic, minmay_temple_entry_drinking_statues
D:8:      layout_loops_corners, kennysheep_slug_shrine, amcnicky_altar_gilded,
          enter_bailey_1, uniq_maggie
D:9:      layout_basic, grunt_temple_overflow_cloverleaf, uniq_jeremiah
D:10:     layout_long_grid, okawaru_trees_2, mainiacjoe_overflow_boulevard,
          enter_trove_1, uniq_maurice
D:11:     layout_grid_maze, minmay_lair_entry_grove, david_orc_3,
          gauntlet_entry_generic, uniq_snorg, uniq_erolcha, uniq_harold
Temple:   hc_temple_tempest_star
Gauntlet: gammafunk_gauntlet_mixed_choke_point [minmay_gauntlet_arena_77_mirror,
          minmay_gauntlet_arena_77_shame_cube,
          minmay_gauntlet_arena_77_block_sizes,
          gammafunk_gauntlet_arena_chambers, minmay_gauntlet_arena_77_braids,
          minmay_gauntlet_arena_77_chump_sandwich,
          minmay_gauntlet_arena_77_run_for_it, gauntlet_exit_green]

Skill      XL: |  1  2  3  4  5  6  7  8  9 10 11 |
---------------+----------------------------------+-----
Stealth        | 2 3 4 5 |  5.0
Dodging        | 3 4 5 6 7 8 |  8.7
Fighting       | 2 3 4 5 |  5.4
Ranged Weapons | 5 6 7 8 9 10 | 10.0
Translocations | 3 5 7 9 |  9.9
Hexes          | 2 4 6 7 8 |  8.2
Evocations     | 2 3 4 6 |  6.9
Spellcasting   | 1 3 4 |  4.1
Invocations    | 2 3 |  3.5
Armour         | 2 3 |  3.2

Action                     |  1- 3 |  4- 6 |  7- 9 | 10-12 || total
---------------------------+-------+-------+-------+-------++-------
   Fire: Shortbow          |    48 |   230 |   641 |   183 ||  1102
         Orcbow            |       |       |       |   235 ||   235
  Throw: Throwing net      |       |       |       |     3 ||     3
         Dart              |       |       |       |     1 ||     1
 Invoke: Recall Ancestor   |       |       |     2 |    26 ||    28
         Ancestor Identity |       |       |     1 |       ||     1
         Ancestor Life: Kn |       |       |       |     1 ||     1
  Evoke: Wand              |       |       |    18 |     6 ||    24
         Box of beasts     |       |       |       |     1 ||     1
    Use: Scroll            |       |     6 |     3 |     3 ||    12
         Potion            |       |       |     1 |       ||     1
 Armour: Robe              |     3 |    52 |   103 |    41 ||   199
         Swamp dragon scal |       |       |       |     7 ||     7
  Dodge: Dodged            |     8 |   103 |   267 |   161 ||   539

Table legend: (Time is in decaauts)
 A = Elapsed time spent in this place.
 B = Non-inter-level travel time spent in this place.
 C = Inter-level travel time spent in this place.
 D = Time resting spent in this place.
 E = Time spent auto-exploring this place.
 F = Levels seen in this place.
 G = Mean time per level.
                   A        B        C        D        E       F      G
               +--------+--------+--------+--------+--------+-----+--------+
         Total |   9974 |   9449 |    525 |   1086 |   5106 |  14 |  712.4 |
       Dungeon |   9194 |   8686 |    508 |    977 |   5026 |  11 |  835.8 |
        Temple |     19 |      3 |     16 |      0 |      0 |   1 |   19.0 |
        Bailey |    461 |    461 |      0 |     68 |     80 |   1 |  461.0 |
      Gauntlet |    299 |    299 |      0 |     41 |      0 |   1 |  299.0 |
               +--------+--------+--------+--------+--------+-----+--------+

Top non-repeatable levels by time:
     D:6: 1420 daAuts
     D:5: 1241 daAuts
     D:7: 1170 daAuts
     D:9: 1134 daAuts
     D:4: 938 daAuts
     D:8: 932 daAuts
     D:3: 776 daAuts
    D:10: 687 daAuts
     D:2: 501 daAuts
  Bailey: 461 daAuts
Gauntlet: 299 daAuts
     D:1: 288 daAuts
    D:11: 102 daAuts
  Temple: 19 daAuts
